 Dungeon Crawl Stone Soup version 0.20-a0-1074-g6a0a8e1 (webtiles) character file.

72 truemonolith the Magician (level 4, -1/24 HPs)
             Began as a Deep Elf Conjurer on Apr 29, 2017.
             Shot with an arrow by a centaur (13 damage)
             ... on level 3 of the Dungeon.
             The game lasted 00:04:13 (2127 turns).

truemonolith the Magician (Deep Elf Conjurer)       Turns: 2127, Time: 00:04:14

Health: -1/24      AC:  2    Str:  5    XL:     4   Next: 6%
Magic:  10/13      EV: 13    Int: 21    God:
Gold:   174        SH:  0    Dex: 15    Spells: 10/14 levels left

rFire    . . .     SeeInvis .   (no weapon)
rCold    . . .     Gourm    .   (no shield)
rNeg     . . .     Faith    .   a - +0 robe
rPois    .         Spirit   .   (no helmet)
rElec    .         Reflect  .   (no cloak)
rCorr    .         Harm     .   (no gloves)
MR       .....                  (no boots)
Stlth    ++........             (no amulet)
Regen    0.1/turn               (no ring)
MPRegen  0.2/turn               (no ring)

@: no status effects
A: no striking features
a: no special abilities


You were on level 3 of the Dungeon.
You were not hungry.

You visited 1 branch of the dungeon, and saw 3 of its levels.

You collected 174 gold pieces.

Inventory:

Armour
 a - a +0 robe (worn)
Scrolls
 e - a scroll of blinking {unknown}
 f - 2 scrolls of teleportation {unknown}
 g - a scroll of magic mapping {unknown}
 h - 4 scrolls of identify {unknown}
 i - a scroll of enchant armour {unknown}
 m - a scroll of fear {unknown}
Potions
 d - 2 potions of brilliance {unknown}
 j - a potion of invisibility {unknown}
 l - a potion of magic {unknown}
 n - a potion of degeneration {unknown}
 p - a potion of ambrosia {unknown}
 q - a potion of berserk rage {unknown}
 r - 2 potions of agility {unknown}
Books
 b - a book of Conjurations

   Spells                             Type                      Level
   a - Magic Dart                     Conjuration                  1
   b - Searing Ray                    Conjuration                  2
   c - Dazzling Spray                 Conjuration/Hexes            3
   d - Fulminant Prism                Conjuration/Hexes            4
   e - Force Lance                    Conjuration/Translocation    4
   f - Iskenderun's Mystic Blast      Conjuration                  4
Comestibles
 c - 2 bread rations
 k - 2 royal jellies
 o - a meat ration


   Skills:
 - Level 2.4 Dodging
 - Level 2.4 Stealth
 - Level 5.9 Spellcasting
 + Level 4.4 Conjurations


You had 10 spell levels left.
You knew the following spells:

 Your Spells              Type           Power        Failure   Level  Hunger
a - Magic Dart            Conj           ####         1%          1    None
b - Dazzling Spray        Conj/Hex       ###...       12%         3    ##.....


Dungeon Overview and Level Annotations

Branches:
Dungeon (3/15)

Altars:


Message History

Casting: Magic Dart
Confirm with . or Enter, or press ? or * to list all spells.
Aiming: Magic Dart
Press: ? - help, Shift-Dir - straight line, f/p - centaur
Aim: a centaur, wielding a shortbow (moderately wounded)
The magic dart hits the centaur.
The centaur is heavily wounded.
A goblin comes into view. It is wielding a club.
Casting: Magic Dart
Confirm with . or Enter, or press ? or * to list all spells.
Aiming: Magic Dart
Press: ? - help, Shift-Dir - straight line, f/p - centaur
Aim: a centaur, wielding a shortbow (heavily wounded)
The magic dart hits the centaur.
The centaur is heavily wounded.
The goblin shouts!
The centaur shoots an arrow.
The arrow barely misses you.
The centaur shoots an arrow.
The arrow hits you!
Ouch! That really hurt!
You die...

....###...######
###.###.###
#..#..# #....#
######...#
#......(##
#.#####..###
#####
#....#......
#.##@<.K....
#.####...... #.#
..... #.# c...
... .g. #. .. .


You could see a centaur, a goblin and a kobold.

Vanquished Creatures
  An ooze (D:1)
  4 worms
  A dart slug (D:1)
  2 leopard geckos
  4 orcs
  A ball python (D:1)
  8 bats
  3 giant cockroaches
  3 goblins
  3 hobgoblins
  3 kobolds
  A quokka (D:2)
  2 frilled lizards
  10 rats
46 creatures vanquished.

Notes
Turn   | Place    | Note
-------+----------+-------------------------------------------
     0 | D:1      | truemonolith the Deep Elf Conjurer began the quest for the Orb.
     0 | D:1      | Reached XP level 1. HP: 10/10 MP: 6/6
   323 | D:1      | Reached XP level 2. HP: 15/15 MP: 3/8
   341 | D:1      | Reached skill level 4 in Spellcasting
   729 | D:1      | Reached XP level 3. HP: 19/19 MP: 3/11
   932 | D:2      | Reached skill level 5 in Spellcasting
  1864 | D:2      | Reached XP level 4. HP: 19/24 MP: 0/13
  2065 | D:2      | Learned a level 3 spell: Dazzling Spray
  2125 | D:3      | Noticed a centaur
  2127 | D:3      | Shot with an arrow by a centaur

Vault maps used:
D:1:      lightli_arrival_maybe_door_vault, minmay_cupped
D:2:      roderic_ancient_swastika, minmay_misc_feat_chi, minmay_box_of_dots
D:3:      first_bread

Skill      XL: |  1  2  3 |
---------------+----------+-----
Spellcasting   | 4 5 |  5.9
Dodging        | |  2.4
Stealth        | |  2.4
Conjurations   | |  4.4

Action                   |  1- 3 |  4- 6 || total
-------------------------+-------+-------++-------
 Cast: Magic Dart        |   103 |    11 ||   114
  Eat: Chunk             |     2 |       ||     2
       Bread ration      |     1 |       ||     1
Armor: Robe              |    11 |     1 ||    12
Dodge: Dodged            |    23 |     6 ||    29
